 Dungeon Crawl Stone Soup version 0.29.1-15-g9cfb28693d (webtiles) character file.

Game seed: 7034021774355513529

1332 games321 the Grappler (level 8, 0/69 HPs)
             Began as a Minotaur Gladiator on Mar 29, 2023.
             Slain by Duvessa
             ... wielding a +1 short sword of speed
              (15 damage)
             ... on level 6 of the Dungeon on Mar 30, 2023.
             The game lasted 00:30:02 (4353 turns).

games321 the Grappler (Minotaur Gladiator)          Turns: 4353, Time: 00:30:03

Health: 0/69       AC:  5    Str: 21    XL:     8   Next: 34%
Magic:  7/7        EV: 13    Int:  5    God:
Gold:   223        SH:  0    Dex: 12    Spells: 7/7 levels left

rFire   + . .      SeeInvis .     - Unarmed
rCold   . . .      Faith    .   (no shield)
rNeg    . . .      Spirit   .   u - +1 leather armour {rF+}
rPois   .          Reflect  .   b - +0 hat
rElec   .          Harm     .   s - +0 cloak
rCorr   .          Rampage  .   (no gloves)
Will    .....                   (no boots)
Stlth   +.........              m - amulet of regeneration
HPRegen 1.01/turn               (no ring)
MPRegen 0.10/turn               (no ring)

@: no status effects
A: horns 2, retaliatory headbutt
a: no special abilities


You were on level 6 of the Dungeon.
You visited 1 branch of the dungeon, and saw 6 of its levels.
You also visited: Ossuary.

You collected 223 gold pieces.

Inventory:

Hand Weapons
 o - a +2 whip of venom
Missiles
 c - 3 throwing nets (quivered)
 h - 60 stones
 w - 4 large rocks
Armour
 a - a +0 leather armour
 b - a +0 hat (worn)
 s - a +0 cloak (worn)
 u - a +1 leather armour of fire resistance (worn)
Jewellery
 m - an amulet of regeneration (around neck)
Scrolls
 d - 6 scrolls of immolation
 e - 5 scrolls of teleportation
 f - a scroll of vulnerability {unknown}
 g - 2 scrolls of enchant armour {unknown}
 j - a scroll of silence {unknown}
 l - 2 scrolls of torment {unknown}
 p - 9 scrolls of identify {unknown}
 v - a scroll of brand weapon {unknown}
 x - a scroll of fear {unknown}
 y - 7 scrolls of noise
 A - 2 scrolls of magic mapping {unknown}
 F - 3 scrolls of butterflies
 G - a scroll of enchant weapon {unknown}
Potions
 i - a potion of invisibility
 k - a potion of mutation {unknown}
 n - a potion of lignification {unknown}
 q - 2 potions of haste
 r - a potion of resistance {unknown}
 t - a potion of brilliance {unknown}
 z - 7 potions of degeneration
 B - 2 potions of might {unknown}
 C - 3 potions of curing {unknown}
 E - a potion of attraction {unknown}


   Skills:
 * Level 5.5 Fighting
 * Level 4.6 Throwing
 + Level 5.4 Dodging
 + Level 8.6 Unarmed Combat


You had 7 spell levels left.
You didn't know any spells.
Your spell library contained the following spells:

 Spells                   Type           Power      Damage    Failure   Level
 Freeze                   Ice            0%         1d3       52%         1
 Magic Dart               Conj           0%         1d3       52%         1
 Ensorcelled Hibernation  Hex/Ice        0%         N/A       67%         2
 Passwall                 Tmut/Erth      0%         N/A       67%         2
 Searing Ray              Conj           0%         2d4       67%         2
 Frozen Ramparts          Ice            0%         1d1       88%         3
 Portal Projectile        Hex/Tloc       0%         N/A       88%         3
 Swiftness                Air            0%         N/A       88%         3
 Tukima's Dance           Hex            0%         N/A       88%         3
 Fulminant Prism          Conj/Hex       0%         3d6       99%         4
 Hailstorm                Conj/Ice       0%         3d3       99%         4
 Passage of Golubria      Tloc           0%         N/A       99%         4
 Blade Hands              Tmut           0%         N/A       100%        5
 Yara's Violent Unravell  Hex/Tmut       0%         3d3       100%        5


Dungeon Overview and Level Annotations

Branches:
Dungeon (6/15)            Ossuary (visited)
 Temple: D:4-7

Altars:
Cheibriados
Makhleb
Sif Muna
Trog
Xom
Zin

Shops:
D:4 :

Annotations:
D:6 Duvessa


Innate Abilities, Weirdness & Mutations

You have a pair of horns on your head.
You reflexively headbutt those who attack you in melee.


Message History

Done exploring.
There is a stone staircase leading down here.
There is an escape hatch in the floor here.
There is a stone staircase leading down here.
You climb downwards.
Dowan shouts!
Found a dagger.
Found a stone staircase leading down.
There is a stone staircase leading up here.
A hound comes into view.
Found 2 fizzy clear potions.
You throw a javelin.
The javelin pierces through Duvessa but does no damage.
You hit Dowan. Your headbutt misses Dowan.
Dowan is lightly wounded.
Dowan points at you and mumbles some strange words.
The puff of frost hits you! Duvessa hits you but does no damage.
You punch Dowan!
Dowan is heavily wounded.
The hound bites you.
Duvessa says, "When magic and the sword combine, nothing stands against them."
Duvessa hits you with a +1 short sword of speed!
You punch Dowan! You punch Dowan.
Dowan is almost dead.
Dowan hits you with a +0 dagger.
A shadow imp comes into view.
The hound barely misses you. Duvessa closely misses you.
You barely miss Dowan.
The shadow imp shouts!
You headbutt Dowan.
You kill Dowan!
Duvessa weeps, and shakes her weapon.
Duvessa goes berserk!
Duvessa hits you with a +1 short sword of speed!
The hound bites you.
Duvessa hits you with a +1 short sword of speed!
* * * LOW HITPOINT WARNING * * *
Duvessa rages.
The hound misses you.
Duvessa hits you with a +1 short sword of speed!
You die...

##.. . .....
#.... .##....
.....##.#.#.
#..........
#.....#...#
##...#...#
#........##
#....@h..##..#
###..e.)..5)..
##<.##......
##.# .....
(... ...#
##.#..> !..
#####.# .. # #


You could see Duvessa (berserk), a hound and a shadow imp.

Vanquished Creatures
  A black bear (D:5)
  2 phantoms (D:4)
  A necrophage (D:4)
  A gnoll sergeant (D:5)
  2 scorpions
  Dowan (D:6)
  A water moccasin skeleton (D:4)
  A howler monkey (D:5)
  2 centaur zombies
  A hound (D:4)
  A human zombie (Ossuary)
  A jelly (D:4)
  An orc priest (D:5)
  An iguana (D:5)
  4 orc wizards
  A hound skeleton (D:4)
  4 mummies (Ossuary)
  7 gnolls (D:5)
  A howler monkey zombie (D:4)
  15 adders
  A white imp (D:3)
  An ufetubus (D:4)
  An adder skeleton (D:4)
  2 adder zombies (D:4)
  5 dart slugs
  16 orcs
  8 endoplasms
  2 giant cockroaches (D:1)
  5 goblins
  3 hobgoblins
  4 jackals (D:2)
  9 kobolds
  4 quokkas
  5 ball pythons
  4 bats
  5 frilled lizards
  3 goblin zombies (Ossuary)
  2 kobold zombies (Ossuary)
  An orc zombie (Ossuary)
  10 rats
140 creatures vanquished.

Vanquished Creatures (others)
  A wizard (D:4)
  4 withered plants (D:4)
5 creatures vanquished.

Grand Total: 145 creatures vanquished

Notes
Turn   | Place    | Note
-------+----------+-------------------------------------------
     0 | D:1      | games321 the Minotaur Gladiator began the quest for the
                  | Orb.
     0 | D:1      | Reached XP level 1. HP: 18/18 MP: 0/0
   157 | D:1      | Reached XP level 2. HP: 25/25 MP: 1/1
   639 | D:1      | Found a faded altar of an unknown god.
   719 | D:2      | Reached XP level 3. HP: 30/30 MP: 2/2
   860 | D:2      | Reached skill level 4 in Unarmed Combat
  1244 | D:2      | Reached XP level 4. HP: 38/38 MP: 3/3
  1477 | D:3      | Found a shimmering altar of Xom.
  1477 | D:3      | Found a snail-covered altar of Cheibriados.
  1633 | D:3      | Found a shimmering blue altar of Sif Muna.
  1781 | D:3      | Reached XP level 5. HP: 45/45 MP: 4/4
  2221 | D:4      | Reached skill level 5 in Unarmed Combat
  2261 | D:4      | Found Fagepiy's Vocational Training.
  2311 | D:4      | Noticed a phantom
  2320 | D:4      | Reached XP level 6. HP: 41/52 MP: 5/5
  2330 | D:4      | Reached skill level 6 in Unarmed Combat
  2429 | D:4      | Found a glowing silver altar of Zin.
  2450 | D:4      | Reached XP level 7. HP: 53/60 MP: 6/6
  2757 | D:4      | Reached skill level 7 in Unarmed Combat
  2851 | D:4      | Found a bloodstained altar of Trog.
  2853 | D:4      | Noticed a wizard
  2859 | D:4      | Killed a wizard
  3087 | D:5      | Entered Level 5 of the Dungeon
  3401 | D:5      | Found a burning altar of Makhleb.
  3405 | D:5      | Found a sand-covered staircase.
  3426 | Ossuary  | Entered an ossuary
  3463 | Ossuary  | Reached skill level 5 in Fighting
  3463 | Ossuary  | Reached skill level 5 in Dodging
  3855 | D:5      | Reached XP level 8. HP: 68/68 MP: 7/7
  3873 | D:5      | Reached skill level 8 in Unarmed Combat
  4345 | D:6      | Noticed Duvessa
  4345 | D:6      | Noticed Dowan
  4352 | D:6      | Killed Dowan
  4353 | D:6      | Slain by Duvessa

Illustrated notes

Levels and vault maps discovered:
D:1:      dpeg_arrival_more_subterranean_lakeside_camping, layout_rooms,
          hellmonk_ecumenical_altar_heavens_door
D:2:      layout_loops_ring, minmay_pentomino_u2
D:3:      layout_loops_ring, mainiacjoe_overflow_chevrons,
          gammafunk_temple_overflow_wave, minivault_11
D:4:      layout_rooms, lemuel_tele_altar, trog_wizard, serial_undead,
          serial_undead_f, serial_undead_e, serial_undead_a, serial_undead_b,
          nicolae_shop_vocational
D:5:      minmay_spotlight, layout_basic,
          mainiacjoe_overflow_concentric_impassable, enter_ossuary_2,
          serial_bayou_pond_e, chequers_serial_rivers_micro_d
D:6:      layout_cave_pools, minmay_temple_entry_stoned_glass,
          biasface_ghost_orc_armoury, uniq_duvessa, uniq_pikel

Skill      XL: |  1  2  3  4  5  6  7  8 |
---------------+-------------------------+-----
Unarmed Combat | 4 5 6 7 8 |  8.6
Fighting       | 3 4 5 |  5.5
Dodging        | 4 5 |  5.4
Throwing       | 3 4 |  4.6

Action                   |  1- 3 |  4- 6 |  7- 9 || total
-------------------------+-------+-------+-------++-------
Melee: Unarmed           |    71 |   130 |   170 ||   371
       Headbutt          |    13 |    16 |    26 ||    55
       Punch             |     1 |     3 |     8 ||    12
Throw: Javelin           |     5 |     5 |     7 ||    17
       Throwing net      |     2 |     1 |     1 ||     4
  Use: Scroll            |       |     1 |     1 ||     2
       Potion            |       |     1 |       ||     1
 Stab: Distracted        |       |       |     1 ||     1
Armor: Leather armour    |    22 |    35 |    44 ||   101
Dodge: Dodged            |    49 |    93 |    86 ||   228
